 Dungeon Crawl Stone Soup version 0.17-a0-1842-gacc33f2 (webtiles) character file.

29486 Ijustatesigmund the Covert (level 13, -2/76 HPs)
             Began as a Kobold Enchanter on Sept 16, 2015.
             Was a High Priest of Vehumet.
             Succumbed to crauler's ghost's toxic radiance
             ... on level 12 of the Dungeon on Sept 17, 2015.
             The game lasted 02:17:36 (26208 turns).

Ijustatesigmund the Covert (Kobold Enchanter)      Turns: 26208, Time: 02:17:36

Health: -2/76      AC: 12    Str:  8    XL:     13   Next: 81%
Magic:  23/23      EV: 21    Int: 14    God:    Vehumet [*****.]
Gold:   1020       SH:  7    Dex: 19    Spells: 9 memorised, 2 levels left

rFire  + . .     SeeInvis .     b - +2 dagger (vamp)
rCold  + . .     Clarity  .     y - +3 leather armour {rF+}
rNeg   . . .     SustAt   .     j - +1 buckler
rPois  .         Gourm    .     l - +2 hat
rElec  .         Spirit   .     k - +1 cloak
rCorr  .         Warding  .     (no gloves)
rMut   .         Stasis   .     m - +1 pair of boots
MR     .....                    (no amulet)
Stlth  ++++++....               (no ring)
                                g - ring of protection from cold

@: lethally poisoned (-2 -> -53), not resistant to hostile enchantments, very
stealthy
A: carnivore 3
a: Renounce Religion


You were on level 12 of the Dungeon.
You worshipped Vehumet.
Vehumet was extremely pleased with you.
You were very full.

You visited 4 branches of the dungeon, and saw 20 of its levels.
You also visited: Labyrinth.

You collected 2014 gold pieces.
You spent 994 gold pieces at shops.

Inventory:

Hand weapons
 b - a +2 vampiric dagger (weapon)
 q - the +4 hand crossbow of Shame {venom, +Inv rElec MR+ SInv}
   (You acquired it on level 1 of the Lair of Beasts)

   It poisons the ammo it fires.
   It insulates you from electricity.
   It affects your resistance to hostile enchantments.
   It lets you see invisible.
   It lets you turn invisible.
 z - a +2 short sword of piercing
 A - a +2 dagger of venom
 H - a +2 dagger of holy wrath
Missiles
 x - 19 tomahawks (quivered)
Armour
 j - a +1 buckler (worn)
 k - a +1 cloak (worn)
 l - a +2 hat (worn)
 m - a +1 pair of boots (worn)
 y - a +3 leather armour of fire resistance (worn)
 N - the +9 shield "Qagiwn" {-Cast rC- rN+++ rCorr}
   (You took it off a kobold on level 11 of the Dungeon)

   It makes you vulnerable to cold.
   It renders you almost immune to negative energy.
   It prevents spellcasting.
   It protects you from acid and corrosion.
Rods
 L - a cursed +0 rod of the swarm (14/14)
   (You found it on level 3 of the Lair of Beasts)
Jewellery
 g - a ring of protection from cold (left hand)
 o - an uncursed ring of teleportation
Magical devices
 a - a wand of flame (31)
 n - a wand of paralysis (1)
 u - a wand of magic darts (30)
 B - a wand of digging (6)
 D - a wand of fireball (1)
Scrolls
 c - a scroll of fog
 e - a scroll of identify
 f - a scroll of magic mapping
 p - 6 scrolls of immolation
 r - 7 scrolls of remove curse
 s - a scroll of fear
 F - a scroll of teleportation
 I - 2 scrolls of enchant armour
Potions
 h - a potion of magic
 v - 5 potions of flight
 w - a potion of curing
 C - 2 potions of heal wounds
 E - a potion of cancellation
 G - 2 potions of degeneration {unknown}
 J - a potion of lignification {unknown}
 M - a potion of berserk rage {unknown}
Books
 K - a book of Battle

   Spells                             Type                      Level
   a - Infusion                       Charms                       1
   b - Shroud of Golubria             Charms/Translocation         2
   c - Song of Slaying                Charms                       2
   d - Spectral Weapon                Hexes/Charms                 3
   e - Regeneration                   Charms/Necromancy            3
Comestibles
 d - 5 meat rations
 i - 2 slices of pizza
 t - 14 royal jellies


   Skills:
 - Level 7.3 Fighting
 - Level 10.0 Short Blades
 - Level 3.0 Armour
 - Level 8.7 Dodging
 - Level 11.9 Stealth
 - Level 3.2 Shields
 - Level 7.1 Spellcasting
 + Level 6.1 Conjurations
 - Level 7.1 Hexes
 + Level 7.5 Ice Magic
 + Level 5.9 Air Magic
 - Level 4.2 Poison Magic
 - Level 4.2 Evocations


You had 2 spell levels left.
You knew the following spells:

 Your Spells              Type           Power        Failure   Level  Hunger
a - Corona                Hex            ###....      1%          1    None
b - Ensorcelled Hibernat  Hex/Ice        ####..       1%          2    #......
c - Dazzling Spray        Conj/Hex       ###.....     1%          3    ##.....
d - Inner Flame           Hex/Fire       ##......     5%          3    ##.....
e - Mephitic Cloud        Conj/Pois/Air  ###.....     2%          3    ##.....
f - Stoneskin             Trmt/Erth      #.......     38%         2    #......
g - Apportation           Tloc           #.........   28%         1    None
h - Stone Arrow           Conj/Erth      ##....       7%          3    ##.....
i - Freezing Cloud        Conj/Ice/Air   ###.......   83%         6    #######


Dungeon Overview and Level Annotations

Branches:
Dungeon (12/15)            Temple (1/1) D:4            Lair (3/8) D:9
    Orc (4/4) D:10            Elf (0/3) Orc:3
  Swamp: Lair:3-6    Shoals: Lair:3-6     Snake: Lair:3-6    Spider: Lair:3-6

Altars:
Ashenzari
Cheibriados
Dithmenos
Elyvilon
Fedhas
Gozag
Kikubaaqudgha
Makhleb
Nemelex Xobeh
Okawaru
Qazlal
Ru
Sif Muna
Trog
Vehumet
Xom
Yredelemnul
Zin
The Shining One
Beogh

Shops:
D:7 *?(%   D:10 [   Orc:2 ?   Orc:4 (![*

Annotations:
D:4 Natasha
D:12 crauler's ghost, powerful NaVM


Innate Abilities, Weirdness & Mutations

You are small and have problems with some larger weapons.
You are carnivorous and can eat meat at any time.


Message History

You feel sick.
Crauler's ghost hits you but does no damage.
You hit crauler's ghost but do no damage.
You feel sick.
You are more poisoned.
You completely miss crauler's ghost.
You feel sick.
Crauler's ghost points at you and mumbles some strange words.
The sting hits you!
You are more poisoned.
You miss crauler's ghost.
You feel sick.
* * * LOW HITPOINT WARNING * * *
You are more poisoned.
* * * LOW HITPOINT WARNING * * *
You feel very sick.
* * * LOW HITPOINT WARNING * * *
You are more poisoned.
Crauler's ghost's toxic aura wanes.
* * * LOW HITPOINT WARNING * * *
You feel very sick.
You die...

# .# #####################..####
................@.W........
........>.................. ...
############.############## #..
#.# #.. #.# #.. #.# #.. #.# #..
############.##################..
.................................


You could see crauler's ghost.

Vanquished Creatures
  A minotaur (Lab)
  A hydra (Lair:2)
  A centaur warrior (D:10)
  3 ogre magi (Orc:4)
  Urug (Orc:3)
  2 hill giants
  2 black mambas
  2 gargoyles
  6 spiny frogs
  5 komodo dragons (Lair:1)
  2 fire drakes
  A merfolk (D:11)
  15 two-headed ogres
  2 trolls
  2 blink frogs (Lair:2)
  A deep elf mage (D:9)
  Sigmund (D:3)
  8 yaks
  7 hippogriffs
  A basilisk (Lair:1)
  A deep elf fighter (D:11)
  A hungry ghost (D:7)
  7 swamp worms (Lair:1)
  3 wargs
  8 wolves (Lair:3)
  7 water moccasins
  A soldier ant (D:11)
  8 orc warriors
  4 porcupines (Lair:1)
  A sky beast (D:11)
  Duvessa (D:7)
  A necrophage (D:7)
  29 ogres
  2 ice beasts
  7 centaurs
  2 phantoms (D:6)
  6 crocodiles
  2 big kobolds
  10 giant frogs
  A gnoll sergeant (D:7)
  Dowan (D:7)
  A water moccasin zombie (D:6)
  28 killer bees
  6 scorpions
  4 wights
  3 vampire bats (Lair:1)
  3 electric eels
  5 hounds
  5 crimson imps
  2 centaur skeletons
  A giant frog zombie (D:5)
  21 orc wizards
  20 orc priests
  3 giant frog skeletons
  Crazy Yiuf (D:2)
  A gnoll shaman (D:8)
  Ijyb (D:3)
  4 iguanas
  3 jellies
  Jessica (D:3)
  5 worker ants
  2 hound skeletons (D:6)
  A hound zombie (D:9)
  A worker ant zombie (D:10)
  Robin (D:2)
  7 gnolls
  9 adders
  16 river rats
  A shadow imp (D:11)
  2 oozes
  An adder zombie (D:9)
  14 worms
  173 orcs
  A ball python (D:1)
  3 giant cockroaches
  8 hobgoblins
  5 quokkas
  A ball python skeleton (D:4)
  17 bats
  5 giant geckos
  2 giant gecko skeletons
  6 giant newts
  18 goblins
  11 jackals
  27 kobolds
  12 rats
  5 plants (Lair:1)
634 creatures vanquished.

Vanquished Creatures (collateral kills)
  A queen bee (Lair:2)
  6 killer bees (Lair:2)
7 creatures vanquished.

Vanquished Creatures (others)
  A quokka (D:8)
  2 plants (Lair:1)
3 creatures vanquished.

Grand Total: 644 creatures vanquished

Notes
Turn   | Place    | Note
--------------------------------------------------------------
     0 | D:1      | Ijustatesigmund the Kobold Enchanter began the quest for the Orb.
     0 | D:1      | Reached XP level 1. HP: 10/10 MP: 3/3
   170 | D:1      | Reached XP level 2. HP: 13/15 MP: 5/5
   194 | D:1      | Learned a level 2 spell: Ensorcelled Hibernation
   663 | D:2      | Reached XP level 3. HP: 19/19 MP: 6/6
   694 | D:2      | Found a shattered altar of Ashenzari.
   754 | D:2      | Noticed Robin
  1212 | D:2      | Killed Robin
  1212 | D:2      | Reached skill level 1 in Ice Magic
  1222 | D:2      | Reached XP level 4. HP: 17/24 MP: 1/7
  1515 | D:2      | Noticed Crazy Yiuf
  1521 | D:2      | Killed Crazy Yiuf
  1582 | D:2      | Learned a level 3 spell: Dazzling Spray
  1739 | D:2      | Reached skill level 5 in Stealth
  1775 | D:2      | Reached XP level 5. HP: 28/28 MP: 8/8
  2270 | D:3      | Found a shimmering altar of Xom.
  2502 | D:3      | Noticed Ijyb
  2504 | D:3      | Killed Ijyb
  2599 | D:3      | Noticed Jessica
  2611 | D:3      | Killed Jessica
  2611 | D:3      | Reached XP level 6. HP: 24/32 MP: 6/9
  2886 | D:3      | Noticed Sigmund
  2946 | D:4      | Found a staircase to the Ecumenical Temple.
  2955 | Temple   | Entered the Ecumenical Temple
  3219 | D:4      | Noticed Natasha
  3248 | D:5      | Entered Level 5 of the Dungeon
  3973 | D:4      | Found an ancient bone altar of Kikubaaqudgha.
  4002 | D:4      | Reached skill level 6 in Stealth
  4206 | D:4      | Found a radiant altar of Vehumet.
  4212 | D:4      | Became a worshipper of Vehumet
  4484 | D:3      | Killed Sigmund
  4484 | D:3      | Reached XP level 7. HP: 36/40 MP: 10/10
  4487 | D:3      | Found a sacrificial altar of Ru.
  4700 | D:5      | Found a blossoming altar of Fedhas.
  4972 | D:5      | Reached skill level 5 in Dodging
  4972 | D:5      | Reached XP level 8. HP: 36/48 MP: 1/11
  5374 | D:5      | Noticed a moth of wrath
  5378 | D:5      | Found a bloodstained altar of Trog.
  6764 | D:6      | Found a stormy altar of Qazlal.
  6809 | D:6      | Found an ancient bone altar of Kikubaaqudgha.
  6969 | D:6      | Found a deep blue altar of Sif Muna.
  7012 | D:7      | Found Uhankel's Food Shoppe.
  7038 | D:7      | Found Xuibbumut's Weapon Emporium.
  7070 | D:7      | Found an opulent altar of Gozag.
  7107 | D:7      | Found a snail-covered altar of Cheibriados.
  7115 | D:7      | Reached skill level 5 in Short Blades
  7115 | D:7      | Reached skill level 7 in Stealth
  7229 | D:7      | Noticed Duvessa
  7233 | D:7      | Noticed Dowan
  7241 | D:7      | Killed Duvessa
  7245 | D:7      | Reached XP level 9. HP: 39/52 MP: 0/13
  7277 | D:7      | Killed Dowan
  7277 | D:7      | Acquired Vehumet's first power
  7277 | D:7      | Offered knowledge of Sting by Vehumet.
  7300 | D:7      | Found Isoyma's Assorted Antiques.
  7313 | D:7      | Bought a scroll labeled MYOCHE WALOY for 20 gold pieces
  7313 | D:7      | Bought a scroll labeled GOSONOICUO for 20 gold pieces
  7313 | D:7      | Bought a scroll labeled OSITHR WEXTAPUC for 20 gold pieces
  7313 | D:7      | Bought a scroll labeled YLAMME GARPH for 20 gold pieces
  7313 | D:7      | Bought a runed leather armour for 40 gold pieces
  7313 | D:7      | Bought a scroll labeled XIR GA ZAKO for 20 gold pieces
  7313 | D:7      | Bought 2 potions of curing for 120 gold pieces
  7318 | D:7      | Found Gaonn's Magic Scroll Boutique.
  7321 | D:7      | Reached skill level 8 in Stealth
  7506 | D:7      | Got a pitted crystal plate armour
  7517 | D:7      | Identified the +8 crystal plate armour of Ashenzari's Hope {MP+9 Int+2 Dex+3} (You acquired it on level 7 of the Dungeon)
  7759 | D:7      | Bought a scroll of enchant armour for 82 gold pieces
  7936 | D:8      | Reached skill level 1 in Shields
  7964 | D:8      | Found a white marble altar of Elyvilon.
  8227 | D:7      | Reached skill level 1 in Armour
  8362 | D:8      | Found a glowing golden altar of the Shining One.
  8364 | D:8      | Got a jewelled chain mail
  8383 | D:7      | Identified the +5 chain mail of Cueguoju {*Drain Int+7 Dex-5} (You found it on level 8 of the Dungeon)
  9970 | D:8      | Offered knowledge of Flame Tongue by Vehumet.
  9970 | D:8      | Reached XP level 10. HP: 56/58 MP: 11/14
 10176 | D:8      | Reached skill level 5 in Fighting
 10278 | D:8      | Reached skill level 9 in Short Blades
 10602 | D:7      | Reached skill level 1 in Conjurations
 11772 | D:9      | Reached skill level 5 in Hexes
 11916 | D:9      | Found a staircase to the Lair.
 12018 | D:9      | Offered knowledge of Inner Flame by Vehumet.
 12023 | D:9      | Learned a level 3 spell: Inner Flame
 12055 | Lair:1   | Entered Level 1 of the Lair of Beasts
 12120 | Lair:1   | Noticed a spiny frog
 12125 | Lair:1   | Noticed a spiny frog
 12137 | Lair:1   | Killed a spiny frog
 12170 | Lair:1   | Found a labyrinth entrance.
 12179 | Lab      | Entered a labyrinth
 12760 | Lab      | Noticed a minotaur
 12773 | Lab      | Killed a minotaur
 12773 | Lab      | Reached skill level 5 in Ice Magic
 12773 | Lab      | Reached XP level 11. HP: 64/64 MP: 16/18
 12793 | Lab      | Identified the Grimoire of the Dusty Voyage
 12866 | Lair:1   | Killed a spiny frog
 12866 | Lair:1   | Reached skill level 10 in Stealth
 12871 | Lair:1   | Reached skill level 5 in Spellcasting
 12888 | Lair:1   | Learned a level 3 spell: Mephitic Cloud
 12949 | Lair:1   | Reached skill level 1 in Air Magic
 12949 | Lair:1   | Reached skill level 1 in Poison Magic
 13009 | Lair:1   | Noticed a black mamba
 13018 | Lair:1   | Killed a black mamba
 13184 | Lair:1   | Acquired Vehumet's second power
 13300 | Lair:1   | Learned a level 2 spell: Stoneskin
 13302 | Lair:1   | Learned a level 1 spell: Apportation
 13795 | Lair:1   | Offered knowledge of Stone Arrow by Vehumet.
 13809 | Lair:1   | Learned a level 3 spell: Stone Arrow
 13815 | Lair:1   | Noticed a spiny frog
 13820 | Lair:1   | Killed a spiny frog
 14262 | Lair:1   | Reached skill level 5 in Conjurations
 14267 | Lair:1   | Acquired Vehumet's third power
 15292 | D:10     | Entered Level 10 of the Dungeon
 15306 | D:10     | Found Ulum's Armour Shoppe.
 15306 | D:10     | Found a staircase to the Orcish Mines.
 15349 | D:10     | Reached XP level 12. HP: 68/68 MP: 15/19
 15458 | D:10     | Noticed a centaur warrior
 15476 | D:10     | Killed a centaur warrior
 15587 | D:10     | Offered knowledge of Airstrike by Vehumet.
 15614 | D:10     | Noticed a hill giant
 15633 | D:10     | Killed a hill giant
 16588 | Orc:1    | Entered Level 1 of the Orcish Mines
 16611 | Orc:1    | Reached skill level 11 in Stealth
 17130 | Orc:1    | Found a roughly hewn altar of Beogh.
 17331 | Orc:2    | Found Moeci's Magic Scroll Boutique.
 17341 | Orc:2    | Bought a scroll of identify for 30 gold pieces
 17341 | Orc:2    | Bought a scroll of brand weapon for 300 gold pieces
 17341 | Orc:2    | Bought a scroll of enchant armour for 112 gold pieces
 17341 | Orc:2    | Bought a scroll of identify for 30 gold pieces
 17781 | Orc:2    | Found a bloodstained altar of Trog.
 17822 | Orc:2    | Offered knowledge of Irradiate by Vehumet.
 17925 | Orc:3    | Reached skill level 1 in Evocations
 18224 | Orc:3    | Found a staircase to the Elven Halls.
 18239 | Orc:3    | Reached skill level 10 in Short Blades
 18560 | Orc:3    | Noticed Urug
 18596 | Orc:3    | Killed Urug
 18839 | Orc:4    | Entered Level 4 of the Orcish Mines
 18850 | Orc:4    | Noticed an ogre mage
 18877 | Orc:4    | Noticed an ogre mage
 18878 | Orc:4    | Noticed an ogre mage
 18885 | Orc:4    | Offered knowledge of Poison Arrow by Vehumet.
 18890 | Orc:4    | Noticed an ogre mage
 19825 | Orc:4    | Found Kaahiuh's General Store.
 19825 | Orc:4    | Found Guack's Distillery.
 19825 | Orc:4    | Found Attie's Armour Emporium.
 19825 | Orc:4    | Found Qasoriuk's Weapon Boutique.
 19826 | Orc:4    | Killed an ogre mage
 19836 | Orc:4    | Bought a scroll of fear for 59 gold pieces
 19836 | Orc:4    | Bought a potion of curing for 51 gold pieces
 19837 | Orc:4    | Bought a potion of heal wounds for 70 gold pieces
 20139 | Orc:4    | Killed an ogre mage
 20139 | Orc:4    | Reached XP level 13. HP: 76/76 MP: 12/20
 20199 | Orc:4    | Killed an ogre mage
 21342 | Lair:1   | Got a translucent long sword
 21343 | Lair:1   | Identified the +6 long sword of Dishonour {freeze, Str+4} (You found it on level 1 of the Lair of Beasts)
 21717 | Lair:2   | Offered knowledge of Conjure Ball Lightning by Vehumet.
 22680 | Lair:2   | Reached skill level 5 in Air Magic
 23562 | Lair:1   | Learned a level 6 spell: Freezing Cloud
 23568 | Lair:1   | Got a pitted hand crossbow
 23569 | Lair:1   | Identified the +4 hand crossbow of Shame {venom, +Inv rElec MR+ SInv} (You acquired it on level 1 of the Lair of Beasts)
 23778 | D:11     | Got a spiked shield
 23789 | D:11     | Identified the +9 shield "Qagiwn" {-Cast rC- rN+++ rCorr} (You took it off a kobold on level 11 of the Dungeon)
 24637 | D:11     | Offered knowledge of Bolt of Cold by Vehumet.
 25090 | D:11     | Upgraded the game from 0.17-a0-1840-g87820a2 to 0.17-a0-1842-gacc33f2
 26182 | D:12     | Noticed crauler's ghost (powerful NaVM)
 26207 | D:12     | HP: 2/76 [poisoned by crauler's ghost (toxic radiance)]
 26208 | D:12     | Succumbed to crauler's ghost's toxic radiance

Vault maps used:
D:1:      elethiomel_arrival_fortress_basement
D:2:      ashenzari_conservatory_becter, lexackson_kobold_supper, uniq_robin,
          uniq_crazy_yiuf_cottage
D:3:      overflow_temple_1_default, nicolae_ru_path_of_blood, uniq_iyjb,
          uniq_sigmund, uniq_jessica
D:4:      kennysheep_little_box, lemuel_doored_altar, temple_statues,
          uniq_natasha
D:5:      tgw_trog, first_bread, fedhas_altar_3
D:6:      grunt_qazlal_clouds, lemuel_coloured_pillars_altar, basic_altar
D:7:      kennysheep_mini_moat, nicolae_overflow_crystal_walls, serial_shops,
          shop, shop, nicolae_shop_waterfront, shop, dk_rats_in_the_wall,
          uniq_duvessa
D:8:      elyvilon_altar_4, lemuel_round_altar, st_stairs_14, minivault_4
D:9:      minmay_lair_entry_lava
D:10:     orc_david_3
D:11:     hangedman_stone_soup, water_maze_lemuel
D:12:     serial_shops, nicolae_shop_waterfront
Temple:   minmay_temple_bridge_b_8
Lair:1:   wad_woods_structure_01, lab_entry_generic, roderic_batcave,
          worms_lemuel
Lair:2:   special_room
Lair:3:   boulder_dual_corridor_run, swamp_mist, forest_entry_grove,
          lemuel_fruit_tree, bh_autumn_forest_stairs
Orc:1:    basic_altar
Orc:2:    serial_shops, shop, trog_hazing_becter
Orc:3:    nicolae_orc_pool_cavern, uniq_urug
Orc:4:    st_orc_ogre_mass
Lab:      nicolae_lab_dead_adventurers, nicolae_lab_swirl, nicolae_lab_grate_2

Action                   |  1- 3 |  4- 6 |  7- 9 | 10-12 | 13-15 || total
-------------------------+-------+-------+-------+-------+-------++-------
Melee: Dagger            |   125 |   246 |   701 |  1961 |  1206 ||  4239
Throw: Throwing net      |       |     1 |       |       |       ||     1
       Tomahawk          |       |       |       |    10 |     8 ||    18
 Cast: Ensorcelled Hiber |     7 |    15 |    45 |   158 |    73 ||   298
       Corona            |     1 |       |     8 |       |       ||     9
       Dazzling Spray    |       |       |       |     2 |     5 ||     7
       Mephitic Cloud    |       |       |       |    25 |    36 ||    61
       Stone Arrow       |       |       |       |     2 |     5 ||     7
       Inner Flame       |       |       |       |     2 |       ||     2
       Stoneskin         |       |       |       |       |     1 ||     1
 Abil: Evoke Teleportati |       |       |       |     5 |       ||     5
Evoke: Wand              |       |       |     5 |     5 |     3 ||    13
  Use: Scroll            |     2 |     5 |     8 |    11 |     6 ||    32
       Potion            |       |     2 |     9 |     5 |     2 ||    18
 Stab: Sleeping          |     8 |    21 |    33 |   108 |    36 ||   206
       Invisible         |       |       |       |     4 |     2 ||     6
       Confused          |       |       |       |     6 |    15 ||    21
       Distracted        |       |       |       |     5 |     3 ||     8
  Eat: Chunk             |     5 |    11 |    24 |    64 |    26 ||   130
       Meat ration       |       |       |     1 |       |       ||     1
       Beef jerky        |       |       |       |     1 |       ||     1
       Royal jelly       |       |       |       |       |     3 ||     3
